 Dungeon Crawl Stone Soup version 0.31-a0-819-gf6de2f5ab6 (webtiles) character file.

Game seed: 3096802945845201009

10400 shbulbulush the Metamorph (level 11, -2/92 HPs)
             Began as a Troll Gladiator on Sept 23, 2023.
             Slain by a fire elemental (8 damage)
             ... summoned by a deep elf pyromancer
             ... on level 10 of the Dungeon.
             The game lasted 00:25:43 (10186 turns).

shbulbulush the Metamorph (Troll Gladiator)        Turns: 10186, Time: 00:25:44

Health: -2/92      AC:  8    Str: 32    XL:     11   Next: 35%
Magic:  8/8        EV: 10    Int:  3    God:
Gold:   667        SH:  0    Dex: 16    Spells: 10/10 levels left

rFire   . .          .
                       - Unarmed
rCold   . . .        (shield currently unavailable)
rNeg    . . .        y - +0 steam dragon scales
rPois   .            b - +0 hat
rElec   +            H - +0 cloak
rCorr   +            (gloves unavailable)
SInv    .            (boots unavailable)
Will    .....        e - amulet of regeneration
Stlth   +            j - +6 ring of dexterity
HPRegen 1.95/turn    B - ring of resist corrosion
MPRegen 0.11/turn

%: random rage (3%)
@: flux-form, on berserk cooldown, slowed, glowing, very slow
A: glow, contaminating, large, unfitting armour, claws 3, regeneration 1, shaggy
fur 1, tough skin 1, berserk 1, low MP 1, electricity resistance, strong 1
a: Begin Untransformation


You were on level 10 of the Dungeon.
You were something dangerously unstable.
You visited 1 branch of the dungeon, and saw 10 of its levels.

You collected 747 gold pieces.
You spent 80 gold pieces at shops.

Inventory:

Hand Weapons
 C - a +0 shortbow
Missiles
 c - 5 throwing nets (quivered)
 d - a large rock
Armour
 b - a +0 hat (worn)
 y - +0 steam dragon scales (worn)
 H - a +0 cloak (worn)
Jewellery
 e - an amulet of regeneration (around neck)
 j - a +6 ring of dexterity (left claw)
 B - a ring of resist corrosion (right claw)
 E - an amulet of guardian spirit
Talismans
 l - a flux talisman (active)
Wands
 a - a wand of paralysis (2)
 q - a wand of flame (50)
 x - a wand of quicksilver (10)
 F - a wand of roots (15)
 K - a wand of polymorph (1)
Scrolls
 f - 3 scrolls of teleportation {unknown}
 g - a scroll of enchant weapon {unknown}
 i - 3 scrolls of fog {unknown}
 k - a scroll of revelation {unknown}
 o - 2 scrolls of immolation {unknown}
 s - 2 scrolls of silence {unknown}
 z - 2 scrolls of fear {unknown}
 A - a scroll of summoning {unknown}
 I - a scroll of acquirement {unknown}
 J - a scroll of identify
Potions
 h - 2 potions of ambrosia {unknown}
 m - a potion of berserk rage
 n - 4 potions of heal wounds
 p - 2 potions of magic
 r - 2 potions of haste
 t - 2 potions of might
 u - 3 potions of resistance
 v - 2 potions of attraction
 w - 3 potions of curing
 D - 2 potions of brilliance
 G - 2 potions of lignification


   Skills:
 - Level 1.5 Fighting
 - Level 1.7 Throwing
 - Level 2.4 Dodging
 - Level 5.0 Unarmed Combat
 + Level 15.7 Shapeshifting


You had 10 spell levels left.
You didn't know any spells.
Your spell library contained the following spells:

 Spells                   Type           Power      Damage    Failure   Level
 Apportation              Tloc           0%         N/A       52%         1
 Necrotise                Necr           0%         1d4       52%         1
 Sandblast                Erth           0%         2d4       52%         1
 Shock                    Conj/Air       0%         1d3       52%         1
 Sting                    Tmut/Pois      0%         1d3       52%         1
 Summon Small Mammal      Summ           0%         N/A       52%         1
 Jinxbite                 Hex            0%         N/A       67%         2
 Passwall                 Tmut/Erth      0%         N/A       67%         2
 Poisonous Vapours        Pois/Air       0%         N/A       67%         2
 Dazzling Flash           Conj/Hex       0%         N/A       88%         3
 Inner Flame              Hex/Fire       0%         N/A       88%         3
 Stone Arrow              Conj/Erth      0%         3d7       88%         3
 Swiftness                Air            0%         N/A       88%         3
 Volatile Blastmotes      Fire/Tloc      0%         2d10      88%         3
 Airstrike                Air            0%         2d(0-16)  99%         4
 Brom's Barrelling Bould  Conj/Erth      0%         2d3       99%         4
 Flame Wave               Conj/Fire      0%         2d4       99%         4
 Fulminant Prism          Conj/Hex       0%         3d5       99%         4
 Iskenderun's Mystic Bla  Conj/Tloc      0%         2d3       99%         4
 Olgreb's Toxic Radiance  Pois           0%         N/A       99%         4
 Sticky Flame             Conj/Fire      0%         2d3       99%         4
 Alistair's Intoxication  Tmut/Pois      0%         N/A       100%        5
 Summon Forest            Summ/Tloc      0%         N/A       100%        5
 Eringya's Noxious Bog    Tmut/Pois      0%         4d6       100%        6
 Starburst                Conj/Fire      0%         6d3       100%        6
 Summon Hydra             Summ           0%         N/A       100%        7
 Maxwell's Capacitive Co  Air            0%         ∞         100%        8


Dungeon Overview and Level Annotations

Branches:
Dungeon (10/15)            Temple (0/1) D:7             Orc (0/2) D:9
   Lair: D:8-11

Altars:
Hepliaklqana
Kikubaaqudgha
Okawaru
Sif Muna
Trog
Wu Jian
Zin
The Shining One

Shops:
D:3 ?   D:4 !   D:6 [

Annotations:
D:10 Erica, Urug


Innate Abilities, Weirdness & Mutations

You are something dangerously unstable.
You glow with magical radiation, making you easy to see and hit.
Foes you strike become dangerously contaminated with magical radiation.
You are incapable of wielding weapons or throwing items.
You are too large for most types of armour.
You have claws for hands.
Your natural rate of healing is unusually fast.
You are covered in fur. (AC +1)
You have tough skin. (AC +1)
You sometimes lose your temper in combat.
Your magical capacity is low. (-10% MP)
You are resistant to electric shocks. (rElec)
Your muscles are strong. (Str +4, Int/Dex -1)


Message History

The orc warrior shudders as magic cascades through it.
The orc warrior twists and deforms.
The orc warrior is heavily wounded.
The orc warrior barely misses you.
You scratch the orc warrior.
The orc warrior begins to glow.
The orc warrior is heavily wounded.
The orc warrior hits you with a +0 glaive.
* * * LOW HITPOINT WARNING * * *
You claw the orc warrior!
You kill the orc warrior!
You claw the cyclops!
The cyclops begins to glow.
The cyclops is lightly wounded.
The cyclops hits you but does no damage.
You scratch the cyclops.
The cyclops glows dangerously bright.
The cyclops is moderately wounded.
The cyclops barely misses you.
You scratch the cyclops.
The cyclops shudders as magic cascades through it!
The cyclops twists and deforms.
The cyclops is heavily wounded.
The cyclops hits you but does no damage.
You claw the cyclops!
The cyclops begins to glow.
The cyclops is severely wounded.
The cyclops barely misses you.
You scratch the cyclops.
The cyclops glows dangerously bright.
The cyclops is severely wounded.
The cyclops hits you!
You claw the cyclops!
The cyclops shudders as magic cascades through it!!
You kill the cyclops!
The fire elemental hits you. The fire elemental burns you!
* * * LOW HITPOINT WARNING * * *
You barely miss the fire elemental. The fire elemental hits you.
The fire elemental burns you!
* * * LOW HITPOINT WARNING * * *
The fire elemental hits you. The fire elemental burns you!
* * * LOW HITPOINT WARNING * * *
You closely miss the fire elemental. The fire elemental hits you.
The fire elemental burns you!
You die...

#.......##
#.##....#
#.##)#..#
#....#..# .#
#..###..# u.
#.......# ○#
#######.###..#
E## #..<....#
#..# ..
#.#####.#
#.p#### ○#
#.#####.#
#E###.##○##$#
#.##....#
#e°o..CE○...#
#.##.##.#
#####.##)##$#
#)##.##.# ###
.# #)......#
.. ####.####
### #... #####


You could see a deep elf pyromancer and a fire elemental (summoned).

Vanquished Creatures
  A two-headed ogre (D:9)
  A death yak (D:8)
  Pikel (D:9)
  A cyclops (D:10)
  Jeremiah (D:7)
  Psyche (D:10)
  A troll (D:8)
  Sigmund (D:7)
  21 yaks
  A wraith (D:9)
  A basilisk (D:9)
  2 steam dragons
  Edmund (D:7)
  2 acid dragons (D:10)
  A water moccasin (D:8)
  8 orc warriors
  An ice beast (D:5)
  2 ogres
  3 centaurs
  The ghost of Leeroy the Slasher, an amateur MfGl (D:3)
  4 kobold brigands
  2 bullfrogs
  4 scorpions
  A gnoll sergeant (D:10)
  8 killer bees
  An electric eel (D:8)
  4 hounds
  A jelly (D:8)
  7 orc priests
  Jessica (D:2)
  An iguana (D:6)
  3 sleepcaps
  6 orc wizards
  Natasha (thrice) (D:2)
  5 gnolls
  16 adders
  A shadow imp (D:8)
  2 white imps
  A worm (D:3)
  2 dart slugs
  44 orcs
  5 bats
  5 endoplasms
  7 giant cockroaches
  2 goblins
  8 hobgoblins
  11 jackals
  5 quokkas
  6 ball pythons
  4 frilled lizards
  20 kobolds
  5 rats
247 creatures vanquished.

Vanquished Creatures (others)
  An ugly thing (D:10)
  3 killer bees (D:10)
4 creatures vanquished.

Grand Total: 251 creatures vanquished

Notes
Turn   | Place    | Note
-------+----------+-------------------------------------------
     0 | D:1      | shbulbulush the Troll Gladiator began the quest for the
                  | Orb.
     0 | D:1      | Reached XP level 1. HP: 19/19 MP: 0/0
   185 | D:1      | Reached XP level 2. HP: 27/27 MP: 1/1
   464 | D:1      | Reached XP level 3. HP: 33/33 MP: 2/2
  1178 | D:2      | Noticed Jessica
  1184 | D:2      | Killed Jessica
  1185 | D:2      | Reached skill level 5 in Unarmed Combat
  1185 | D:2      | Reached XP level 4. HP: 41/41 MP: 3/3
  1320 | D:2      | Noticed Natasha
  1329 | D:2      | Killed Natasha
  1330 | D:2      | Reached skill level 1 in Shapeshifting
  1469 | D:2      | Noticed Natasha
  1472 | D:2      | Killed Natasha
  1599 | D:2      | Noticed Natasha
  1607 | D:2      | Killed Natasha
  1608 | D:2      | Reached skill level 2 in Shapeshifting
  1608 | D:2      | Reached XP level 5. HP: 35/48 MP: 4/4
  1909 | D:3      | Reached skill level 3 in Shapeshifting
  1937 | D:3      | Noticed Leeroy's ghost (amateur MfGl)
  1946 | D:3      | Found a runed translucent gate.
  1946 | D:3      | Found a runed translucent gate.
  1947 | D:3      | Found a runed translucent gate.
  2069 | D:3      | Found Peshraps's Magic Scroll Shop.
  2285 | D:3      | Killed Leeroy's ghost
  2286 | D:3      | Reached skill level 4 in Shapeshifting
  2286 | D:3      | Reached XP level 6. HP: 55/55 MP: 5/5
  2517 | D:4      | Found Nuaq's Distillery.
  2569 | D:4      | Bought a potion of mutation for 80 gold pieces
  2569 | D:4      | Gained mutation: Your magical capacity is low. (-10% MP)
                  | [potion of mutation]
  2569 | D:4      | Gained mutation: You are resistant to electric shocks.
                  | (rElec) [potion of mutation]
  2569 | D:4      | Gained mutation: You sometimes lose your temper in combat.
                  | [potion of mutation]
  2569 | D:4      | Gained mutation: Your muscles are strong. (Str +4, Int/Dex
                  | -1) [potion of mutation]
  2717 | D:5      | Entered Level 5 of the Dungeon
  3072 | D:4      | Found a shimmering blue altar of Sif Muna.
  3072 | D:4      | Found an ornate altar of the Wu Jian Council.
  3072 | D:4      | Found a glowing silver altar of Zin.
  3072 | D:4      | Found a hazy altar of Hepliaklqana.
  3085 | D:4      | Found a bloodstained altar of Trog.
  3085 | D:4      | Found an iron altar of Okawaru.
  3171 | D:4      | You fall into a shaft and drop 2 floors!
  3181 | D:6      | Reached skill level 5 in Shapeshifting
  3276 | D:6      | Noticed an orc warrior
  3304 | D:6      | Killed an orc warrior
  3305 | D:6      | Reached XP level 7. HP: 50/62 MP: 5/5
  3307 | D:6      | Reached skill level 6 in Shapeshifting
  3357 | D:6      | Found an ancient bone altar of Kikubaaqudgha.
  3357 | D:6      | Found a glowing golden altar of the Shining One.
  3826 | D:6      | Reached skill level 7 in Shapeshifting
  3915 | D:6      | Found Arinusui's Armour Boutique.
  4161 | D:7      | Noticed a steam dragon
  4177 | D:6      | Killed a steam dragon
  4178 | D:6      | Reached XP level 8. HP: 31/70 MP: 6/6
  4228 | D:7      | HP: 1/70 [killer bee (6)]
  4251 | D:7      | Reached skill level 8 in Shapeshifting
  4307 | D:7      | Found a staircase to the Ecumenical Temple.
  4395 | D:7      | Noticed Edmund
  4405 | D:7      | Noticed Sigmund
  4406 | D:7      | Killed Edmund
  4407 | D:7      | Reached skill level 9 in Shapeshifting
  4418 | D:7      | Killed Sigmund
  4463 | D:7      | Noticed Jeremiah
  4487 | D:7      | Killed Jeremiah
  4488 | D:7      | Reached skill level 10 in Shapeshifting
  4581 | D:7      | Reached XP level 9. HP: 61/76 MP: 7/7
  5036 | D:8      | Noticed a troll
  5054 | D:8      | Killed a troll
  5062 | D:8      | Reached skill level 11 in Shapeshifting
  5176 | D:8      | Reached skill level 12 in Shapeshifting
  5387 | D:8      | Reached XP level 10. HP: 73/85 MP: 8/8
  5865 | D:8      | Noticed a death yak
  5888 | D:7      | Reached skill level 13 in Shapeshifting
  6091 | D:8      | Killed a death yak
  6118 | D:8      | Reached skill level 14 in Shapeshifting
  6437 | D:9      | Noticed a two-headed ogre
  6448 | D:9      | Killed a two-headed ogre
  6449 | D:9      | Reached XP level 11. HP: 43/92 MP: 8/8
  6486 | D:9      | Noticed Pikel
  6492 | D:9      | Killed Pikel
  6493 | D:9      | Reached skill level 15 in Shapeshifting
  9299 | D:9      | Found a staircase to the Orcish Mines.
  9597 | D:10     | Entered Level 10 of the Dungeon
  9605 | D:10     | Noticed Psyche
  9662 | D:10     | Killed Psyche
  9722 | D:10     | Noticed Urug
  9722 | D:10     | Noticed Erica
 10163 | D:10     | Noticed a deep elf pyromancer
 10165 | D:10     | Noticed a green ugly thing
 10172 | D:10     | Killed a green ugly thing
 10185 | D:10     | HP: 3/92 [fire elemental[a deep elf pyromancer] (12)]
 10186 | D:10     | Slain by a fire elemental

Illustrated notes

Levels and vault maps discovered:
D:1:      tarquinn_simple_flora_water_e, layout_loops_ring, serial_forest,
          infiniplex_forest_clump_small, infiniplex_forest_clump_long,
          infiniplex_forest_corner_1, infiniplex_forest_clump_double,
          infiniplex_forest_clump_diagonal, infiniplex_forest_clump_tiny,
          infiniplex_forest_end_3, minivault_4, moated_statue
D:2:      layout_rooms, serial_corexii_hall, corexii_hall_statues_deadend,
          chequers_hall_statues_wall_a, fountainhead, columned_hall_lemuel,
          uniq_jessica, uniq_natasha
D:3:      layout_rooms, gammafunk_ghost_split, serial_shops,
          nicolae_shop_rolled_up
D:4:      layout_basic, minmay_overflow_temple_hex, serial_shops, shop,
          grunt_ministairs_8
D:5:      layout_loops_ring, portal_sewer_entry_d, kennysheep_generic_room_6
D:6:      layout_cave_pods, nicolae_overflow_two_pavilions, serial_shops,
          nicolae_lakefront_shop, dk_noncrumbling_3, corexii_leaking_fountain,
          nicolae_half_adder
D:7:      layout_loops_ring, temple_pool_b, minmay_fountain_box,
          sigmund_edmund_badplayer, uniq_jeremiah
D:8:      argonaut_augean_stables, layout_basic, enter_bailey_5, special_room
          [special_room_orc], kennysheep_generic_room_16
D:9:      layout_gridville, orc_0_dummy, uniq_pikel
D:10:     hangedman_cross_veins, layout_loops_cross, old_standard_altar,
          uniq_josephine, uniq_psyche, uniq_erica, uniq_urug

Skill      XL: |  1  2  3  4  5  6  7  8  9 10 11 |
---------------+----------------------------------+-----
Unarmed Combat | 4 5 |  5.0
Shapeshifting  | 2 4 5 7 10 12 14 15 | 15.7
Fighting       | |  1.5
Throwing       | |  1.7
Dodging        | |  2.4

Action                     |  1- 3 |  4- 6 |  7- 9 | 10-12 || total
---------------------------+-------+-------+-------+-------++-------
  Melee: Unarmed           |    94 |   151 |   222 |   384 ||   851
         Punch             |     1 |     2 |       |       ||     3
  Throw: Large rock        |       |     1 |       |       ||     1
         Throwing net      |       |     1 |       |       ||     1
  Evoke: Wand              |       |     1 |       |       ||     1
    Use: Potion            |       |     1 |     2 |     1 ||     4
         Scroll            |       |       |       |     8 ||     8
   Stab: Sleeping          |     2 |     2 |     1 |       ||     5
 Armour: Robe              |    54 |   107 |    42 |       ||   203
         Steam dragon scal |       |       |   135 |   362 ||   497
         Skin              |       |       |       |    11 ||    11
  Dodge: Dodged            |    43 |    88 |   116 |   195 ||   442
   Form: Flux              |       |       |     1 |       ||     1

Table legend: (Time is in decaauts)
 A = Elapsed time spent in this place.
 B = Non-inter-level travel time spent in this place.
 C = Inter-level travel time spent in this place.
 D = Time resting spent in this place.
 E = Time spent auto-exploring this place.
 F = Levels seen in this place.
 G = Mean time per level.
                   A        B        C        D        E       F      G
               +--------+--------+--------+--------+--------+-----+--------+
         Total |  10227 |   7579 |   2648 |    157 |   5287 |  10 | 1022.7 |
       Dungeon |  10227 |   7579 |   2648 |    157 |   5287 |  10 | 1022.7 |
               +--------+--------+--------+--------+--------+-----+--------+

Top non-repeatable levels by time:
     D:1: 1534 daAuts
     D:9: 1204 daAuts
     D:6: 1171 daAuts
     D:7: 1130 daAuts
     D:4: 1113 daAuts
     D:3: 1057 daAuts
     D:8: 1004 daAuts
     D:2: 999 daAuts
     D:5: 698 daAuts
    D:10: 312 daAuts
